 Dungeon Crawl Stone Soup version 0.28.0-1-gb440e238dd (webtiles) character file.

Game seed: 6967729389663733197

157 chmiii the Chucker (level 5, -3/41 HPs)
             Began as a Merfolk Hunter on Feb 21, 2022.
             Killed from afar by an orc wizard (4 damage)
             ... with a magic dart
             ... on level 3 of the Dungeon.
             The game lasted 00:09:53 (3606 turns).

chmiii the Chucker (Merfolk Hunter)                 Turns: 3606, Time: 00:09:54

Health: -3/41      AC:  3    Str: 12    XL:     5   Next: 38%
Magic:  5/5        EV: 13    Int: 10    God:
Gold:   131        SH:  0    Dex: 17    Spells: 4/4 levels left

rFire   . . .      SeeInvis .   a - +0 short sword
rCold   . . .      Faith    .   (no shield)
rNeg    . . .      Spirit   .   b - +0 leather armour
rPois   .          Reflect  .   (no helmet)
rElec   .          Harm     .   (no cloak)
rCorr   .          Rampage  .   (no gloves)
Will    .....                   (no boots)
Stlth   ++........              (no amulet)
HPRegen 0.13/turn               (no ring)
MPRegen 0.09/turn               (no ring)

@: no status effects
A: (nimble swimmer 2), mertail
a: no special abilities


You were on level 3 of the Dungeon.
You visited 1 branch of the dungeon, and saw 3 of its levels.

You collected 131 gold pieces.

Inventory:

Hand Weapons
 a - a +0 short sword (weapon)
Missiles
 c - a javelin (quivered)
 d - a throwing net
 e - 3 poisoned darts
Armour
 b - a +0 leather armour (worn)
Scrolls
 f - a scroll of enchant weapon {unknown}
 g - a scroll of acquirement {unknown}
 i - a scroll of magic mapping {unknown}
 k - a scroll of fog {unknown}
 o - 2 scrolls of teleportation {unknown}
 p - a scroll of immolation {unknown}
Potions
 h - a potion of berserk rage {unknown}
 j - a potion of resistance {unknown}
 l - 2 potions of curing {unknown}
 m - a potion of lignification {unknown}
 n - 3 potions of mutation {unknown}


   Skills:
 + Level 3.5 Fighting
 + Level 3.3 Polearms
 + Level 4.7 Throwing
 + Level 4.2 Dodging
 - Level 1.1 Stealth


You had 4 spell levels left.
You didn't know any spells.
Your spell library was empty.

Dungeon Overview and Level Annotations

Branches:
Dungeon (3/15)

Altars:


Innate Abilities, Weirdness & Mutations

((You are very nimble when in or above water. (Stealth+, EV+, Speed+++)))
Your lower body shifts to a powerful aquatic tail in water.


Message History

The orc wizard is moderately wounded.
The orc wizard hits you but does no damage.
You closely miss the orc wizard.
The orc wizard is lightly wounded.
The orc wizard hits you with a +0 dagger.
* * * LOW HITPOINT WARNING * * *
You closely miss the orc wizard.
The orc wizard is lightly wounded.
The orc wizard hits you with a +0 dagger.
* * * LOW HITPOINT WARNING * * *
You closely miss the orc wizard.
The orc wizard is lightly wounded.
The orc wizard misses you.
You miss the orc wizard.
The orc wizard is lightly wounded.
The orc wizard hits you with a +0 dagger.
* * * LOW HITPOINT WARNING * * *
The orc wizard barely misses you.
Throw: 2 javelins
Press: ? - help, Q - select action, (/) - cycle Shift-Dir - straight line, f - orc wizard
Aim: an orc wizard, wielding a +0 dagger and wearing a +0 robe (lightly wounded, 56% to hit)
You throw a javelin.
The javelin closely misses the orc wizard.
The orc wizard closely misses you.
You hit the orc wizard.
The orc wizard is heavily wounded.
The orc wizard hits you with a +0 dagger.
* * * LOW HITPOINT WARNING * * *
You hit the orc wizard but do no damage.
The orc wizard is heavily wounded.
The orc wizard misses you.
You hit the orc wizard.
The orc wizard is heavily wounded.
The orc wizard hits you with a +0 dagger.
* * * LOW HITPOINT WARNING * * *
You barely miss the orc wizard.
The orc wizard is heavily wounded.
The orc wizard points at you and mumbles some strange words.
The magic dart hits you.
You die...

#.# #o# #.# #.# #)# #.# #.#
#.############ #########
#.###.......o..÷.####......).
#..#############......#######
#............[...###### ####
#.################ ##...
#.)..(...).o@...# ####..##
###...#######.### ####....##
#....# .# #.......# #.......
.# #..#.#..# ###...... ##
#.......# #.......
####..#.#..#
#.....######.<........#
#.....##...##.##.###.####
##÷##..##...........


You could see an orc wizard.

Vanquished Creatures
  An orc priest (D:3)
  Natasha (D:3)
  A hound skeleton (D:2)
  2 adders
  A dart slug (D:1)
  2 orcs (D:3)
  7 ball pythons
  5 bats
  2 endoplasms
  3 giant cockroaches
  9 goblins
  8 hobgoblins
  7 jackals
  7 quokkas
  A frilled lizard (D:3)
  2 kobolds (D:1)
  5 rats
64 creatures vanquished.

Notes
Turn   | Place    | Note
-------+----------+-------------------------------------------
     0 | D:1      | chmiii the Merfolk Hunter began the quest for the Orb.
     0 | D:1      | Reached XP level 1. HP: 16/16 MP: 1/1
   272 | D:1      | Reached skill level 1 in Polearms
   272 | D:1      | Reached XP level 2. HP: 23/23 MP: 2/2
   845 | D:1      | Reached XP level 3. HP: 22/28 MP: 3/3
  1070 | D:1      | Found a faded altar of an unknown god.
  1497 | D:2      | Reached XP level 4. HP: 12/35 MP: 4/4
  3236 | D:3      | Identified the +11 dagger of Triumph {antimagic, Str+4}
  3246 | D:3      | Noticed Natasha
  3263 | D:3      | Killed Natasha
  3264 | D:3      | Reached XP level 5. HP: 13/41 MP: 5/5
  3603 | D:3      | HP: 2/41 [orc wizard (3)]
  3606 | D:3      | Killed from afar by an orc wizard

Illustrated notes

Levels and vault maps discovered:
D:1:      dpeg_arrival_simpleton_a, layout_loops_ring,
          shapermc_ecumenical_altar_flowoftime, minivault_27
D:2:      layout_basic
D:3:      layout_rooms, serial_co_window_serial, co_window_paths_b,
          co_window_of_opportunity_a, co_window_paths_a, co_window_paths_b,
          co_window_corner_a, co_window_corner_b, co_window_unsneaky_path_e,
          co_window_unsneaky_path_a, co_window_corner_cb, co_window_paths_c,
          glass_columns_b, glass_columns_b, glass_columns_b, glass_columns_a,
          glass_columns_a, wander_ebering_terrifying_dragon_lair, uniq_natasha

Skill      XL: |  1  2  3  4 |
---------------+-------------+-----
Polearms       | 1 2 3 |  3.3
Dodging        | 3 4 |  4.2
Fighting       | 3 |  3.5
Throwing       | |  4.7
Stealth        | |  1.1

Action                   |  1- 3 |  4- 6 || total
-------------------------+-------+-------++-------
Melee: Short sword       |    96 |   109 ||   205
       Punch             |     1 |     1 ||     2
Throw: Javelin           |    18 |    15 ||    33
       Throwing net      |       |     1 ||     1
       Dart              |       |     4 ||     4
 Stab: Sleeping          |     1 |     2 ||     3
       Held in net/web   |       |     2 ||     2
Armor: Leather armour    |    37 |    21 ||    58
Dodge: Dodged            |    60 |    65 ||   125
